 Dungeon Crawl Stone Soup version 0.30-a0-272-gf98c3da03f (webtiles) character file.

Game seed: 6971594806723625658

4909 lunkers the Spear-Bearer (level 11, -15/94 HPs)
             Began as a Meteoran Wanderer on Oct 16, 2022.
             Was an Elder of Makhleb.
             Demolished by a snapping turtle (23 damage)
             ... on level 9 of the Dungeon.
             The game lasted 00:11:13 (3258 turns).

lunkers the Spear-Bearer (Meteoran Wanderer)        Turns: 3258, Time: 00:11:13

Health: -15/94     AC:  6    Str: 16    XL:     11   Next: 7%
Magic:  19/19      EV: 18    Int: 13    God:    Makhleb [****..]
Gold:   368        SH:  4    Dex: 17    Spells: 18/18 levels left

rFire   . . .      SeeInvis .    m - +3 spear (venom)
rCold   . . .      Faith    .    b - +0 buckler
rNeg    . . .      Spirit   .    G - +0 steam dragon scales
rPois   .          Reflect  .    (no helmet)
rElec   .          Harm     .    w - +0 cloak
rCorr   .          Rampage  .    (no gloves)
Will    +....                    (no boots)
Stlth   +.........               (no amulet)
HPRegen 0.35/turn                n - +4 ring of evasion
MPRegen 0.16/turn                A - ring of flight

@: mighty, flying, glowing
A: sense surroundings 2, otherworldly, glowing, explore regen
a: Renounce Religion, Minor Destruction, Lesser Servant of Makhleb, Major
Destruction


You were on level 9 of the Dungeon.
You worshipped Makhleb.
Makhleb was greatly pleased with you.
You visited 1 branch of the dungeon, and saw 9 of its levels.
You also visited: Sewer and Ossuary.

You collected 368 gold pieces.

Inventory:

Hand Weapons
 a - a +2 spear of protection
 m - a +3 spear of venom (weapon)
 q - a +0 dagger of electrocution
 r - the +4 flail "Killer Klown's Bane" {vorpal, Str+3}
   (You found it on level 8 of the Dungeon)

   It inflicts extra damage upon your enemies.
   Str:       It affects your strength (+3).
 C - a +0 bardiche
Missiles
 E - 4 throwing nets
Armour
 b - a +0 buckler (worn)
 h - a +1 scale mail
 k - a +0 ring mail
 w - a +0 cloak (worn)
 G - +0 steam dragon scales (worn)
Jewellery
 f - a ring of ice
 n - a +4 ring of evasion (left hand)
 x - a ring of wizardry
 A - a ring of flight (right hand)
Wands
 d - a wand of polymorph (18)
 l - a wand of digging (6)
Scrolls
 c - 2 scrolls of blinking
 g - 5 scrolls of teleportation
 i - 4 scrolls of enchant weapon
 u - a scroll of identify
 B - 2 scrolls of amnesia
Potions
 e - 11 potions of curing
 o - 2 potions of might
 p - a potion of brilliance
 t - 2 potions of cancellation
 v - 4 potions of mutation
 D - a potion of haste {unknown}
 H - 2 potions of degeneration {unknown}


   Skills:
 + Level 8.0 Fighting
 - Level 12.0 Polearms
 - Level 3.5 Armour
 - Level 5.0 Dodging
 - Level 1.2 Shields
 - Level 4.0 Spellcasting
 + Level 10.4 Invocations


You had 18 spell levels left.
You didn't know any spells.
Your spell library contained the following spells:

 Spells                   Type           Power      Damage    Failure   Level
 Sting                    Tmut/Pois      8%         1d3       26%         1
 Blink                    Tloc           4%         N/A       38%         2
 Momentum Strike          Conj/Tloc      4%         3d8       38%         2
 Gell's Gravitas          Tloc           2%         N/A       63%         3
 Kindle Blastsparks       Fire/Tloc/Air  4%         2d10      63%         3
 Lesser Beckoning         Tloc           4%         N/A       63%         3
 Ozocubu's Armour         Ice            2%         N/A       63%         3
 Spider Form              Tmut/Pois      2%         N/A       63%         3
 Teleport Other           Tloc           2%         N/A       63%         3
 Anguish                  Hex/Necr       1%         N/A       95%         4
 Fulminant Prism          Conj/Hex       1%         3d6       95%         4
 Iskenderun's Mystic Bla  Conj/Tloc      2%         2d3       95%         4
 Passage of Golubria      Tloc           2%         N/A       95%         4
 Lee's Rapid Deconstruct  Erth           1%         3d5*      100%        5
 Metabolic Englaciation   Hex/Ice        1%         N/A       100%        5
 Silence                  Hex/Air        1%         N/A       100%        5
 Dispersal                Tloc           1%         N/A       100%        6
 Simulacrum               Ice/Necr       1%         N/A       100%        6
 Enfeeble                 Hex            1%         N/A       100%        7
 Lehudib's Crystal Spear  Conj/Erth      1%         10d2      100%        8


Dungeon Overview and Level Annotations

Branches:
Dungeon (9/15) Zot: 3013   Temple (0/1) D:4           Sewer (visited)
Ossuary (visited)
   Lair: D:8-11         Orc: D:9-12

Altars:
Makhleb
Trog
Zin

Shops:
D:8 ?


Innate Abilities, Weirdness & Mutations

You passively map the area around you.
You are easily found by Zot.
You glow in the dark.
You regain HP and MP as you explore.


Message History

The snapping turtle bites you but does no damage.
Unknown command.
You hit the snapping turtle but do no damage.
The snapping turtle looks as sick as possible!
The snapping turtle is moderately wounded.
Unknown command.
You hit the snapping turtle but do no damage.
The snapping turtle is moderately wounded.
The snapping turtle bites you.
* * * LOW HITPOINT WARNING * * *
You hit the snapping turtle.
The snapping turtle is moderately wounded.
Your ynoxinul gestures.
You barely miss the snapping turtle.
The snapping turtle is moderately wounded.
The snapping turtle bites you but does no damage.
You hit the snapping turtle but do no damage.
The snapping turtle looks as sick as possible!
The snapping turtle is heavily wounded.
Your ynoxinul gestures.
You hit the snapping turtle but do no damage.
The snapping turtle looks as sick as possible!
The snapping turtle is heavily wounded.
You block the snapping turtle's attack.
You hit the snapping turtle but do no damage.
The snapping turtle looks as sick as possible!
The snapping turtle is heavily wounded.
You hit the snapping turtle but do no damage.
The snapping turtle is heavily wounded.
The snapping turtle bites you!
* * * LOW HITPOINT WARNING * * *
You barely miss the snapping turtle.
The snapping turtle is heavily wounded.
Okay, then.
Okay, then.
You feel very mighty all of a sudden.
You feel less wooden.
Your +0 cloak unmelds from your body.
Your +0 steam dragon scales unmelds from your body.
The snapping turtle bites you!!
You die...

...#~* ##[# * , ,
* , .K.~#+#~ #..#
* * * ,* * ****
#o~~.~ #..# ~* ~
*#.#.# #..# ~*
*~,* #...####..#
#...).))..# * *
####.oW##.# ~ (
###t##.#######..,
## #@#...........
...
#355..)....####.##
######......<#)..#
#.##........#
#.##.........
#.##...######
#.##...# #.###.##
#.....#


You could see a snapping turtle (extremely poisoned, ally target), a wraith, an
orc, a friendly ynoxinul (summoned) and 2 friendly ufetubi.

Vanquished Creatures
  2 centaur warriors (D:9)
  Pikel (D:4)
  A troll (D:9)
  A hornet (D:9)
  3 wyverns
  A steam dragon (D:8)
  An orc warrior (D:9)
  A black bear (shapeshifter) (D:9)
  A black bear (D:7)
  2 ogres
  4 centaurs
  A phantom (D:7)
  A kobold brigand (D:9)
  2 gnoll sergeants (D:8)
  4 bullfrogs
  4 scorpions
  A howler monkey (D:6)
  4 hounds (D:8)
  A jelly (D:6)
  3 orc priests
  A gnoll bouda (D:8)
  3 orc wizards
  A mummy (Ossuary)
  15 gnolls
  4 river rats (Sewer)
  4 adders
  2 ufetubi (D:4)
  4 worms
  3 dart slugs
  13 orcs
  2 spectral bats (Ossuary)
  9 ball pythons
  3 endoplasms
  2 giant cockroaches
  12 gnoll zombies (Ossuary)
  3 goblins (D:1)
  8 hobgoblins
  5 jackals
  7 quokkas
  4 bats
  3 bat simulacra (Ossuary)
  2 frilled lizards (D:3)
  4 goblin simulacra (Ossuary)
  6 goblin zombies (Ossuary)
  6 hobgoblin zombies (Ossuary)
  13 kobolds
  A kobold simulacrum (Ossuary)
  3 kobold zombies (Ossuary)
  3 orc zombies (Ossuary)
  5 rats
  4 rat simulacra (Ossuary)
  7 spectral goblins (Ossuary)
  3 spectral kobolds (Ossuary)
  2 spectral rats (Ossuary)
206 creatures vanquished.

Vanquished Creatures (others)
  An unseen horror (D:9)
  2 plants (D:9)
3 creatures vanquished.

Grand Total: 209 creatures vanquished

Notes
Turn   | Place    | Note
-------+----------+-------------------------------------------
     0 | D:1      | lunkers the Meteoran Wanderer began the quest for the Orb.
     0 | D:1      | lunkers set off with the following items: a +2 spear, a +0
                  | buckler, a scroll of blinking, a +0 robe; and the following
                  | spell memorised: Sting; and the following spells available
                  | to memorise: Spider Form.
     0 | D:1      | Reached XP level 1. HP: 19/19 MP: 6/6
    43 | D:1      | Reached skill level 4 in Polearms
    45 | D:1      | Reached XP level 2. HP: 19/26 MP: 5/8
   163 | D:1      | Reached XP level 3. HP: 31/31 MP: 9/9
   194 | D:1      | Reached skill level 5 in Polearms
   301 | D:2      | Reached XP level 4. HP: 38/38 MP: 11/11
   636 | D:3      | Reached skill level 6 in Polearms
   713 | D:3      | Found a faded altar of an unknown god.
   718 | D:3      | Reached XP level 5. HP: 45/45 MP: 12/12
   744 | D:3      | Prayed at the altar of an unknown god.
   744 | D:3      | Became a worshipper of Makhleb the Destroyer
   744 | D:3      | Reached * piety under Makhleb
   807 | D:4      | Reached skill level 7 in Polearms
   822 | D:4      | Reached XP level 6. HP: 44/51 MP: 13/13
   877 | D:4      | Found a glowing drain.
   881 | Sewer    | Entered a sewer
   906 | Sewer    | Reached skill level 1 in Invocations
  1136 | Sewer    | Reached ** piety under Makhleb
  1285 | D:4      | Found a staircase to the Ecumenical Temple.
  1338 | D:4      | Reached skill level 8 in Polearms
  1338 | D:4      | Reached XP level 7. HP: 51/57 MP: 14/14
  1354 | D:4      | Noticed Pikel
  1362 | D:4      | Killed Pikel
  1363 | D:4      | Reached skill level 9 in Polearms
  1363 | D:4      | Reached XP level 8. HP: 56/63 MP: 15/15
  1389 | D:5      | Entered Level 5 of the Dungeon
  1502 | D:5      | Reached skill level 10 in Polearms
  1582 | D:5      | Reached skill level 1 in Armour
  1582 | D:5      | Reached skill level 1 in Dodging
  1582 | D:5      | Reached skill level 5 in Invocations
  1677 | D:6      | Found a bloodstained altar of Trog.
  1689 | D:6      | Found a glowing silver altar of Zin.
  1864 | D:7      | Gained mutation: You passively map the area around you.
                  | [Meteoran growth]
  1864 | D:7      | Reached XP level 9. HP: 71/71 MP: 16/16
  2199 | D:8      | Reached skill level 11 in Polearms
  2426 | D:8      | Reached skill level 5 in Fighting
  2434 | D:8      | Found a sand-covered staircase.
  2443 | Ossuary  | Entered an ossuary
  2521 | Ossuary  | Reached *** piety under Makhleb
  2779 | Ossuary  | Reached **** piety under Makhleb
  2950 | D:8      | Identified the +4 flail "Killer Klown's Bane" {vorpal,
                  | Str+3}
  3005 | D:8      | Found Jiotoch's Magic Scroll Emporium.
  3064 | D:8      | Reached XP level 10. HP: 60/81 MP: 17/17
  3181 | D:9      | Noticed a centaur warrior
  3182 | D:9      | Paralysed by a hornet for 1 turns
  3183 | D:9      | Noticed a centaur warrior
  3192 | D:9      | Reached skill level 12 in Polearms
  3192 | D:9      | Reached skill level 5 in Dodging
  3193 | D:9      | HP: 6/124 [centaur warrior (8)]
  3193 | D:9      | Killed an unseen horror
  3198 | D:9      | Killed a centaur warrior
  3204 | D:9      | Killed a centaur warrior
  3205 | D:9      | Reached skill level 10 in Invocations
  3218 | D:9      | Reached XP level 11. HP: 33/94 MP: 19/19
  3234 | D:9      | Noticed a two-headed ogre
  3241 | D:9      | a two-headed ogre changed into a snapping turtle
  3243 | D:9      | HP: 3/141 [snapping turtle (13)]
  3258 | D:9      | Demolished by a snapping turtle

Illustrated notes

Levels and vault maps discovered:
D:1:      evilmike_arrival_rings, layout_rooms
D:2:      layout_loops_cross
D:3:      layout_basic, hellmonk_ecumenical_altar_blasted, minmay_diced_spiral,
          uniq_grinder, uniq_crazy_yiuf_cottage
D:4:      nicolae_cairo_tiling, layout_rooms, gup_sewer_entry_bowl, uniq_pikel
D:5:      layout_gridville
D:6:      layout_rooms, mainiacjoe_overflow_six_doors_small,
          mainiacjoe_overflow_small_starburst
D:7:      layout_cave_pods, kennysheep_another_room
D:8:      layout_cave_pools, serial_gnoll_camp, gnoll_camp_mini_loothouse,
          gnoll_camp_mini_shop, gnoll_camp_medium_01, gnoll_camp_mini_basic,
          nicolae_ossuary_entry_ruins, minmay_misc_feat_diagonals
D:9:      nzn_winding_woodlands_small [nzn_winding_woodlands_5x15_lazy_stream,
          nzn_winding_woodlands_center_triple_pond,
          nzn_winding_woodlands_5x15_longhouse], layout_basic,
          kennysheep_mini_moat, chequers_temple_overflow_statue_of_worship,
          serial_shops, shop_statue, grunt_ministairs_15,
          kennysheep_generic_room_6

Skill      XL: |  1  2  3  4  5  6  7  8  9 10 11 |
---------------+----------------------------------+-----
Polearms       | 4 5 6 7 8 9 10 11 12 | 12.0
Invocations    | 2 4 5 6 10 | 10.4
Armour         | 2 3 |  3.5
Dodging        | 2 4 5 |  5.0
Fighting       | 4 5 7 8 |  8.0
Shields        | |  1.2
Spellcasting   | |  4.0

Action                   |  1- 3 |  4- 6 |  7- 9 | 10-12 || total
-------------------------+-------+-------+-------+-------++-------
Melee: Spear             |    64 |   217 |   374 |    98 ||   753
 Cast: Sting             |     2 |       |       |       ||     2
Invok: Lesser Servant of |       |       |       |     1 ||     1
Evoke: Wand              |       |       |     3 |    13 ||    16
  Use: Potion            |       |     1 |       |     4 ||     5
       Scroll            |       |     9 |     8 |       ||    17
 Stab: Invisible         |       |       |     2 |     2 ||     4
Armor: Robe              |    13 |       |       |       ||    13
       Scale mail        |     5 |    53 |    36 |       ||    94
       Steam dragon scal |       |       |    31 |     9 ||    40
       Skin              |       |       |       |    75 ||    75
Dodge: Dodged            |    17 |    30 |   115 |    29 ||   191
Block: Buckler           |    12 |    26 |    40 |    16 ||    94

Table legend: (Time is in decaauts)
 A = Elapsed time spent in this place.
 B = Non-inter-level travel time spent in this place.
 C = Inter-level travel time spent in this place.
 D = Time resting spent in this place.
 E = Time spent auto-exploring this place.
 F = Levels seen in this place.
 G = Mean time per level.
                   A        B        C        D        E       F      G
               +--------+--------+--------+--------+--------+-----+--------+
         Total |   3081 |   3015 |     66 |      0 |   1393 |  11 |  280.1 |
       Dungeon |   2385 |   2319 |     66 |      0 |   1244 |   9 |  265.0 |
         Sewer |    339 |    339 |      0 |      0 |      0 |   1 |  339.0 |
       Ossuary |    356 |    356 |      0 |      0 |    149 |   1 |  356.0 |
               +--------+--------+--------+--------+--------+-----+--------+

Top non-repeatable levels by time:
     D:8: 508 daAuts
 Ossuary: 356 daAuts
   Sewer: 339 daAuts
     D:4: 303 daAuts
     D:3: 272 daAuts
     D:7: 271 daAuts
     D:2: 249 daAuts
     D:1: 239 daAuts
     D:6: 227 daAuts
     D:5: 224 daAuts
     D:9: 89 daAuts
